 Dungeon Crawl Stone Soup version 0.30-a0-920-g7493c07aab (webtiles) character file.

Game seed: 11315869030552232644

96 cforsyth the Shield-Bearer (level 4, 0/35 HPs)
             Began as a Human Fighter on Mar 21, 2023.
             Killed from afar by Natasha (6 damage)
             ... with a magic dart
             ... on level 2 of the Dungeon.
             The game lasted 00:01:22 (1354 turns).

cforsyth the Shield-Bearer (Human Fighter)          Turns: 1354, Time: 00:01:23

Health: 0/35       AC:  6    Str: 18    XL:     4   Next: 98%
Magic:  4/4        EV:  9    Int:  9    God:
Gold:   67         SH:  4    Dex: 12    Spells: 3/3 levels left

rFire   . . .      SeeInvis .    a - +0 flail
rCold   . . .      Faith    .    c - +0 buckler
rNeg    . . .      Spirit   .    b - +0 scale mail
rPois   .          Reflect  .    (no helmet)
rElec   .          Rampage  .    (no cloak)
rCorr   .                        (no gloves)
Will    .....                    (no boots) Stlth
                                 (no amulet)
HPRegen 0.25/turn                (no ring)
MPRegen 0.09/turn                (no ring)

@: no status effects
A: no striking features
a: no special abilities


You were on level 2 of the Dungeon.
You visited 1 branch of the dungeon, and saw 2 of its levels.

You collected 67 gold pieces.

Inventory:

Hand Weapons
 a - a +0 flail (weapon)
Armour
 b - a +0 scale mail (worn)
 c - a +0 buckler (worn)
Jewellery
 j - an amulet of magic regeneration
Scrolls
 e - a scroll of identify {unknown}
 g - a scroll of magic mapping {unknown}
 i - a scroll of teleportation {unknown}
 k - a scroll of enchant armour {unknown}
Potions
 d - 2 potions of might
 f - a potion of lignification {unknown}
 h - a potion of brilliance {unknown}


   Skills:
 + Level 3.5 Fighting
 + Level 3.0 Maces & Flails
 + Level 3.6 Armour
 + Level 3.6 Shields


You had 3 spell levels left.
You didn't know any spells.
Your spell library was empty.

Dungeon Overview and Level Annotations

Branches:
Dungeon (2/15)

Altars:
Hepliaklqana

Annotations:
D:2 Natasha


Message History

Natasha claws you.
You closely miss Natasha.
Natasha is lightly wounded.
Natasha casts a spell at you. The magic dart hits you.
You closely miss Natasha.
Natasha is lightly wounded.
Natasha claws you! Natasha claws you.
You are too injured to fight recklessly!
You are too injured to fight recklessly!
You are too injured to fight recklessly!
You are too injured to fight recklessly!
You are too injured to fight recklessly!
You are too injured to fight recklessly!
You are too injured to fight recklessly!
You are too injured to fight recklessly!
You are too injured to fight recklessly!
You hit Natasha.
Natasha is moderately wounded.
Natasha closely misses you.
You completely miss Natasha.
Natasha is moderately wounded.
Natasha casts a spell.
You barely miss Natasha.
Natasha is moderately wounded.
Natasha closely misses you.
The white imp hits you but does no damage.
You sock Natasha!
Natasha is almost dead.
You block Natasha's attack. The white imp gestures at you.
The puff of frost hits you. Natasha claws you!
* * * LOW HITPOINT WARNING * * *
You barely miss Natasha.
Natasha is almost dead.
The white imp gestures at you. The puff of frost misses you.
Natasha casts a spell at you. The magic dart hits you.
You die...

......##### #..
##........# ..#
#.##.###.# ##. #.##.#
#.# # #.##.# #.# #? ##
#.##.# #.# #.# #.#
#.##.# #[# #.# #b#
#.##.###.# #.#h#
#........# #@#
####.##### #5# ##.##.#
##.##
#...#)#########...####
.....................+
#...#.#########...####
##.##.# ##.## ####.#
#.# ##.## #.#


You could see Natasha, a white imp (summoned) and a bat.

Vanquished Creatures
  Natasha (D:2)
  A gnoll (D:1)
  A worm (D:2)
  2 dart slugs (D:1)
  4 endoplasms
  2 giant cockroaches
  4 hobgoblins (D:2)
  2 jackals (D:2)
  2 kobolds
  3 quokkas
  5 ball pythons
  5 bats (D:1)
  5 frilled lizards
  7 goblins
  7 rats
51 creatures vanquished.

Notes
Turn   | Place    | Note
-------+----------+-------------------------------------------
     0 | D:1      | cforsyth the Human Fighter began the quest for the Orb.
     0 | D:1      | Reached XP level 1. HP: 18/18 MP: 1/1
   104 | D:1      | Reached XP level 2. HP: 20/24 MP: 2/2
   302 | D:1      | Reached XP level 3. HP: 28/29 MP: 3/3
   803 | D:2      | Reached XP level 4. HP: 30/35 MP: 4/4
  1039 | D:2      | Found a hazy altar of Hepliaklqana.
  1066 | D:2      | Noticed Natasha
  1075 | D:2      | Killed Natasha
  1210 | D:2      | Found the +8 trident of the Octopus King {venom, rElec
                  | rPois}
  1345 | D:2      | Noticed Natasha
  1354 | D:2      | Killed from afar by Natasha

Illustrated notes

Levels and vault maps discovered:
D:1:      giann_forest_graveyard, layout_basic
D:2:      layout_loops_corners, basic_altar, uniq_natasha

Skill      XL: |  1  2  3  4 |
---------------+-------------+-----
Maces & Flails | 3 |  3.0
Fighting       | |  3.5
Armour         | |  3.6
Shields        | |  3.6

Action                     |  1- 3 |  4- 6 || total
---------------------------+-------+-------++-------
  Melee: Flail             |    86 |    67 ||   153
 Armour: Scale mail        |    37 |    14 ||    51
  Dodge: Dodged            |    38 |    38 ||    76
  Block: Buckler           |    22 |    20 ||    42

Table legend: (Time is in decaauts)
 A = Elapsed time spent in this place.
 B = Non-inter-level travel time spent in this place.
 C = Inter-level travel time spent in this place.
 D = Time resting spent in this place.
 E = Time spent auto-exploring this place.
 F = Levels seen in this place.
 G = Mean time per level.
                   A        B        C        D        E       F      G
               +--------+--------+--------+--------+--------+-----+--------+
         Total |   1401 |   1386 |     15 |      0 |   1059 |   2 |  700.5 |
       Dungeon |   1401 |   1386 |     15 |      0 |   1059 |   2 |  700.5 |
               +--------+--------+--------+--------+--------+-----+--------+

Top non-repeatable levels by time:
     D:1: 759 daAuts
     D:2: 642 daAuts
